 Dungeon Crawl Stone Soup version 0.29.1-2-gbd0b4ee654 (webtiles) character file.

Game seed: 5433165586341408025

8533 BlackCrag the Cleaver (level 11, 0/145 HPs)
             Began as a Minotaur Berserker on Oct 29, 2022.
             Was a High Priest of Trog.
             Slain by an orc knight
             ... wielding a +0 broad axe
              (12 damage)
             ... on level 2 of the Orcish Mines.
             The game lasted 00:51:00 (9831 turns).

BlackCrag the Cleaver (Minotaur Berserker)          Turns: 9831, Time: 00:51:00

Health: 0/145      AC: 14    Str: 25    XL:     11   Next: 11%
Magic:  10/10      EV:  8    Int:  4    God:    Trog [*****.]
Gold:   526        SH:  0    Dex: 11    Spells: 10/10 levels left

rFire   + . .      SeeInvis +   x - +0 dire flail
rCold   + . .      Faith    .   (shield currently unavailable)
rNeg    + . .      Spirit   .   C - +1 plate armour {rPois}
rPois   +          Reflect  .   (helmet restricted)
rElec   .          Harm     .   c - scarf {rC+ rF+}
rCorr   .          Rampage  .   (no gloves)
Will    .....                   (no boots)
Stlth   ..........              (no amulet)
HPRegen 0.34/turn               m - ring of positive energy
MPRegen 0.12/turn               s - ring of see invisible

@: berserking, very quick
A: horns 2, retaliatory headbutt
a: Renounce Religion, Berserk, Trog's Hand, Brothers in Arms


You were on level 2 of the Orcish Mines.
You worshipped Trog.
Trog was extremely pleased with you.
You visited 3 branches of the dungeon, and saw 12 of its levels.

You collected 526 gold pieces.

Inventory:

Hand Weapons
 a - a +0 battleaxe
 x - a +0 dire flail (weapon)
 y - a +2 hand axe of freezing
 B - a +3 mace
Missiles
 d - 14 boomerangs (quivered)
 r - 33 poisoned darts
Armour
 c - a scarf of resistance (worn)
 w - a +2 robe of willpower
 A - a +0 tower shield
 C - a +1 plate armour of poison resistance (worn)
Jewellery
 m - a ring of positive energy (left hand)
 s - a ring of see invisible (right hand)
Wands
 b - a wand of light (10)
 n - a wand of flame (2)
 o - a wand of iceblast (33)
Scrolls
 g - 2 scrolls of brand weapon {unknown}
 h - 3 scrolls of blinking
 i - 2 scrolls of enchant weapon {unknown}
 j - a scroll of butterflies {unknown}
 k - a scroll of poison {unknown}
 q - 2 scrolls of teleportation
 t - 2 scrolls of fear
Potions
 p - 2 potions of attraction
 u - a potion of haste
 v - 2 potions of curing


   Skills:
 * Level 9.4 Fighting
 + Level 10.0(11.6) Axes
 * Level 9.5(11.4) Maces & Flails
 + Level 5.2 Throwing
 + Level 8.5 Armour
 + Level 4.0 Dodging
 + Level 2.0 Stealth
 + Level 6.5 Shields
 + Level 0.3 Evocations


You had 10 spell levels left.
You didn't know any spells.
Your spell library was empty.

Dungeon Overview and Level Annotations

Branches:
Dungeon (9/15)             Temple (1/1) D:7             Orc (2/2) D:9
   Lair: D:8-11         Elf: Orc:2

Altars:
Ashenzari
Cheibriados
Elyvilon
Fedhas
Gozag
Hepliaklqana
Kikubaaqudgha
Makhleb
Nemelex Xobeh
Okawaru
Ru
Sif Muna
Trog
Uskayaw
Vehumet
Wu Jian
Xom
Zin

Shops:
D:2 *   D:7 :   D:8 ?

Annotations:
D:2 plate armor
D:4 2 transporters
Orc:1 2 transporters


Innate Abilities, Weirdness & Mutations

You have a pair of horns on your head.
You reflexively headbutt those who attack you in melee.


Message History

You hear the brisk rumble of a distant avalanche of rocks.
The orc warrior shouts!
The orc shouts! x2; The orc wizard shouts!
The orc knight shouts!
The orc warrior shouts!
The orc shouts! x3
The warg howls!
The ogre shouts!
You hear a shout!
The orc knight barely misses you.
Found 64 gold pieces.
Found two transporters.
There is a stone staircase leading down here.
The orc barely misses you. You furiously retaliate!
You headbutt the orc.
The orc knight hits you with a +0 broad axe!!
The orc warrior hits you from afar with a +0 glaive!
* * * LOW HITPOINT WARNING * * *
You climb downwards.
Your iron troll is no longer berserk.
Your iron troll disappears in a puff of smoke!
There is a stone staircase leading up here.
A red film seems to cover your vision as you go berserk!
You feel yourself moving faster!
You feel mighty!
The orc knight hits you with a +0 broad axe!
* * * LOW HITPOINT WARNING * * *
The orc hits you with a +0 mace.
* * * LOW HITPOINT WARNING * * *
You puncture the orc!
You kill the orc!
Trog accepts your kill.
The orc knight hits you with a +0 broad axe.
* * * LOW HITPOINT WARNING * * *
You hit the orc knight.
The orc knight is lightly wounded.
You sock the orc knight! Your headbutt misses the orc knight.
The orc knight is moderately wounded.
You closely miss the orc knight. Your headbutt misses the orc knight.
The orc knight is moderately wounded.
The orc knight hits you with a +0 broad axe!
* * * LOW HITPOINT WARNING * * *
You closely miss the orc knight. Your headbutt misses the orc knight.
The orc knight is moderately wounded.
You barely miss the orc knight.
The orc knight is moderately wounded.
The orc knight hits you with a +0 broad axe!
You die...

##)).......
#..........
##.........
#####...#.#.#.
###......#####..
##.........## #.
#...........##
##...............
#..@...........$.
#......o)...#.........
.##........##.......$.
#.......#####........
#.......# $......
#......... ......
$......... ....
.....###...


You could see an orc knight.

Vanquished Creatures
  Maggie (D:7)
  A hornet (D:8)
  A wraith (D:9)
  9 yaks
  Duvessa (D:4)
  3 water moccasins
  5 orc warriors
  2 sky beasts
  2 ice beasts
  A black bear (D:5)
  4 ogres
  3 centaurs
  3 phantoms
  4 kobold brigands
  3 bullfrogs
  2 scorpions
  8 wights
  Dowan (D:4)
  An electric eel (D:9)
  4 howler monkeys
  7 hounds
  8 orc priests
  2 gnoll boudas
  5 jellies
  Jessica (D:2)
  9 iguanas
  6 orc wizards
  12 gnolls
  5 adders
  A white imp (D:8)
  3 worms
  3 dart slugs
  49 orcs
  7 bats
  17 endoplasms
  4 giant cockroaches
  6 goblins
  9 hobgoblins
  4 jackals (D:1)
  33 kobolds
  2 quokkas
  8 ball pythons
  A frilled lizard (D:2)
  2 rats (D:1)
263 creatures vanquished.

Vanquished Creatures (collateral kills)
  A two-headed ogre (Orc:1)
  An orc sorcerer (Orc:2)
  Maurice (Orc:1)
  A warg (Orc:2)
  3 orc warriors
  An ogre (Orc:1)
  An orc priest (Orc:2)
  An orc wizard (Orc:1)
  3 orcs
13 creatures vanquished.

Vanquished Creatures (others)
  An orc (Orc:2)
  4 fungi (D:3)
  10 plants
  9 toadstools (D:3)
24 creatures vanquished.

Grand Total: 300 creatures vanquished

Notes
Turn   | Place    | Note
-------+----------+-------------------------------------------
     0 | D:1      | BlackCrag the Minotaur Berserker began the quest for the
                  | Orb.
     0 | D:1      | Reached XP level 1. HP: 19/19 MP: 0/0
   227 | D:1      | Reached XP level 2. HP: 25/27 MP: 1/1
   438 | D:1      | Reached ** piety under Trog
   567 | D:1      | Found a faded altar of an unknown god.
   579 | D:1      | Reached XP level 3. HP: 32/33 MP: 2/2
  1019 | D:2      | Reached XP level 4. HP: 30/41 MP: 3/3
  1174 | D:2      | Noticed Jessica
  1181 | D:2      | Killed Jessica
  1182 | D:2      | Reached skill level 5 in Maces & Flails
  1242 | D:2      | Noticed a phantom
  1249 | D:2      | Killed a phantom
  1250 | D:2      | Reached skill level 5 in Fighting
  1250 | D:2      | Reached skill level 1 in Stealth
  1250 | D:2      | Reached XP level 5. HP: 48/48 MP: 4/4
  1617 | D:2      | Found Pysui's General Store.
  1958 | D:3      | Found a burning altar of Makhleb.
  2206 | D:3      | Reached *** piety under Trog
  2207 | D:3      | Reached skill level 1 in Axes
  2210 | D:3      | Reached XP level 6. HP: 56/56 MP: 5/5
  2212 | D:3      | Reached skill level 2 in Axes
  2818 | D:4      | Reached skill level 3 in Axes
  2983 | D:4      | Noticed Duvessa
  2989 | D:4      | Killed Duvessa
  2990 | D:4      | Reached skill level 4 in Axes
  2990 | D:4      | Reached XP level 7. HP: 61/61 MP: 6/6
  3002 | D:4      | Noticed Dowan
  3005 | D:4      | Found an ornate altar of the Wu Jian Council.
  3016 | D:4      | Killed Dowan
  3373 | D:4      | Found a transporter.
  3380 | D:4      | Noticed a kobold demonologist
  3392 | D:4      | Found a transporter.
  3483 | D:5      | Entered Level 5 of the Dungeon
  3597 | D:5      | Reached skill level 1 in Throwing
  3598 | D:5      | Reached skill level 5 in Axes
  3944 | D:5      | Reached skill level 6 in Axes
  4120 | D:5      | Reached XP level 8. HP: 44/70 MP: 7/7
  4274 | D:5      | Reached skill level 5 in Armour
  4304 | D:5      | Reached **** piety under Trog
  4655 | D:5      | Reached skill level 7 in Axes
  4740 | D:5      | Reached skill level 1 in Shields
  5148 | D:6      | Found an iron altar of Okawaru.
  5279 | D:6      | Reached skill level 8 in Axes
  5558 | D:6      | Reached XP level 9. HP: 79/79 MP: 8/8
  5856 | D:7      | Reached skill level 9 in Axes
  6097 | D:7      | Found Fovofaly's Tremendous Tomes.
  6206 | D:7      | Noticed Maggie
  6223 | D:7      | Killed Maggie
  6384 | D:7      | Reached skill level 10 in Axes
  6472 | D:7      | Found a staircase to the Ecumenical Temple.
  6585 | Temple   | Entered the Ecumenical Temple
  6888 | D:8      | Found a shimmering altar of Xom.
  6898 | D:8      | Paralysed by a hornet for 3 turns
  6913 | D:8      | Reached XP level 10. HP: 59/88 MP: 9/9
  7409 | D:8      | Reached skill level 5 in Shields
  8021 | D:8      | Found Tylua's Magic Scroll Emporium.
  9172 | D:9      | Reached ***** piety under Trog
  9468 | D:9      | Found a staircase to the Orcish Mines.
  9484 | D:9      | Reached skill level 5 in Throwing
  9501 | Orc:1    | Entered Level 1 of the Orcish Mines
  9759 | Orc:1    | Noticed Maurice
  9769 | Orc:1    | Noticed a two-headed ogre
  9772 | Orc:1    | Killed Maurice
  9781 | Orc:1    | Killed a two-headed ogre
  9782 | Orc:1    | Reached XP level 11. HP: 97/97 MP: 10/10
  9782 | Orc:1    | You fall into a shaft and drop 1 floor!
  9782 | Orc:2    | Entered Level 2 of the Orcish Mines
  9784 | Orc:2    | Noticed an orc sorcerer
  9803 | Orc:2    | Killed an orc sorcerer
  9822 | Orc:1    | Noticed an orc knight
  9822 | Orc:1    | Found a transporter.
  9822 | Orc:1    | Found a transporter.
  9831 | Orc:2    | Slain by an orc knight

Illustrated notes

Levels and vault maps discovered:
D:1:      eino_arrival_tree_alley, layout_loops_ring,
          chequers_ecumenical_altar_simple, minmay_statues_item
D:2:      layout_rooms, serial_shops, shop, uniq_jessica
D:3:      cheibrodos_fertilizer, layout_basic,
          mainiacjoe_overflow_surrounded_room
D:4:      gammafunk_wand_slinger, layout_rooms, nzn_wu_jian_contemplation,
          uniq_duvessa
D:5:      minmay_recursive_quarters, layout_basic,
          chequers_serial_rivers_micro_a, minmay_misc_feat_tiny,
          nicolae_eternal_life, amcnicky_mini_pool_small
D:6:      layout_cave_pools, okawaru_trees_2
D:7:      layout_rooms, minmay_temple_entry_overgrown,
          nicolae_shop_i_like_big_books, uniq_maggie
D:8:      layout_loops_ring, mainiacjoe_overflow_cross_hatched, serial_shops,
          nicolae_stop_n_shop_2, grunt_ministairs_13,
          amcnicky_mini_rare_corridor_liquid
D:9:      layout_roguey, grunt_temple_overflow_holy_war, lemuel_tele_altar,
          nicolae_qazlal_style_of_elements, erik_orc_2,
          nicolae_fountain_basement, uniq_joseph
Temple:   minmay_temple_curvy_branch
Orc:1:    layout_caves, gammafunk_ghost_wrathful_warriors,
          lightli_volcano_entry_magma_tube, lightli_orcish_oven, uniq_maurice
Orc:2:    st_orc_ogre_mass, layout_diamond_mine, gammafunk_ghost_smash

Skill      XL: |  1  2  3  4  5  6  7  8  9 10 11 |
---------------+----------------------------------+-----
Fighting       | 4 5 6 7 9 |  9.4
Maces & Flails | 4 5 9 |  9.5
Stealth        | 1 2 |  2.0
Dodging        | 3 4 |  4.0
Axes           | 1 4 6 8 10 | 10.0
Armour         | 3 4 6 7 8 |  8.5
Throwing       | 1 2 4 5 |  5.2
Shields        | 1 4 6 |  6.5
Evocations     | |  0.3

Action                   |  1- 3 |  4- 6 |  7- 9 | 10-12 || total
-------------------------+-------+-------+-------+-------++-------
Melee: Mace              |    60 |    32 |    19 |   230 ||   341
       Headbutt          |     8 |    17 |    50 |    55 ||   130
       Punch             |     1 |     1 |       |       ||     2
       Broad axe         |       |    97 |    58 |       ||   155
       Hand axe          |       |       |   163 |       ||   163
       Dire flail        |       |       |       |    61 ||    61
Throw: Boomerang         |     2 |     9 |    46 |    24 ||    81
Invok: Berserk           |     2 |     2 |     1 |     2 ||     7
       Trog's Hand       |       |     3 |     5 |     2 ||    10
       Brothers in Arms  |       |       |       |     2 ||     2
Evoke: Wand              |       |       |     1 |     3 ||     4
  Use: Scroll            |       |     3 |    11 |     6 ||    20
       Potion            |       |       |     3 |     1 ||     4
 Stab: Sleeping          |       |     1 |       |       ||     1
Armor: Animal skin       |     1 |     5 |       |       ||     6
       Chain mail        |       |    59 |   100 |       ||   159
       Leather armour    |       |     4 |       |       ||     4
       Steam dragon scal |       |       |    14 |    21 ||    35
       Plate armour      |       |       |       |    48 ||    48
Dodge: Dodged            |    46 |    69 |    83 |    65 ||   263
Block: Buckler           |       |       |    15 |       ||    15
       Tower shield      |       |       |    89 |   117 ||   206
